 Dungeon Sprint DCSS version 0.21.1-1-g345015fe64 (webtiles) character file.

1712 Groucho the Unseen (level 8, -4/39 HPs)
             Began as a Spriggan Enchanter on Feb 16, 2018.
             Slain by a demonic crawler (7 damage)
             ... in the Dungeon (Sprint I: "Red Sonja").
             The game lasted 00:05:27 (2036 turns).

Groucho the Unseen (Spriggan Enchanter)             Turns: 2036, Time: 00:05:28

Health: -4/39      AC:  2    Str:  6    XL:     8   Next: 74%
Magic:  16/24      EV: 24    Int: 17    God:
Gold:   242        SH:  0    Dex: 16    Spells: 18/30 levels left

rFire    . . .     SeeInvis +   m - +5 short sword
rCold    . . .     Gourm    .   (shield restricted)
rNeg     . . .     Faith    .   b - +0 robe
rPois    .         Spirit   .   (helmet restricted)
rElec    .         Reflect  .   (no cloak)
rCorr    .         Harm     .   (gloves unavailable)
MR       +....     NoTele   +   (boots unavailable)
Stlth    +++++++...             (no amulet)
HPRegen  0.13/turn              (no ring)
MPRegen  0.19/turn              (no ring)

@: very quick
A: very small, unfitting armour, see invisible, herbivore, speed 3, slow
metabolism 2
a: no special abilities


You were in the Dungeon.
You were not hungry.

You visited 1 branch You collected 416 gold pieces.
You spent 174 gold pieces at shops.

Inventory:

Hand Weapons
 a - a +2 dagger of speed
 m - a +5 short sword (weapon)
 n - a +4 dagger
Armour
 b - a +0 robe (worn)
Scrolls
 j - a scroll of blinking
Potions
 g - a potion of haste
 h - 2 potions of magic
 i - a potion of ambrosia {unknown}
 k - a potion of flight {unknown}
 l - 2 potions of lignification {unknown}
Books
 c - a book of Maledictions

   Spells                             Type                      Level
   a - Corona                         Hexes                        1
   b - Ensorcelled Hibernation        Hexes/Ice                    2
   c - Confuse                        Hexes                        3
   d - Tukima's Dance                 Hexes                        3
   e - Dazzling Spray                 Conjuration/Hexes            3
Comestibles
 d - a ration


   Skills:
 + Level 2.9 Fighting
 * Level 5.9 Short Blades
 * Level 8.2 Dodging
 + Level 17.2 Stealth
 * Level 11.5 Spellcasting
 * Level 11.7 Hexes


You had 18 spell levels left.
You knew the following spells:

 Your Spells              Type           Power        Failure   Level  Hunger
a - Corona                Hex            #####..      1%          1    None
b - Ensorcelled Hibernat  Hex/Ice        ####..       1%          2    None
c - Confuse               Hex            #####...     1%          3    None
d - Dazzling Spray        Conj/Hex       ####..       1%          3    None
e - Tukima's Dance        Hex            #####...     1%          3    None


Dungeon Overview and Level Annotations

Branches:
Dungeon (1/1)

Altars:
Cheibriados
Dithmenos
Elyvilon
Fedhas
Gozag
Hepliaklqana
Kikubaaqudgha
Makhleb
Nemelex Xobeh
Okawaru
Qazlal
Ru
Sif Muna
Trog
Uskayaw
Vehumet
Wu Jian
Xom
Yredelemnul
Zin
The Shining One
Jiyva
Lugonu

Shops:
D (


Innate Abilities, Weirdness & Mutations

You are very small and have problems with some larger weapons.
You are too small for most types of armour.
You have supernaturally acute eyesight. (SInv)
You are a herbivore.
You cover ground extremely quickly.
You need consume almost no food.


Message History

Things that are here:
a dagger; a leather armour You see here a giant club.
There is an open door here.
Casting: Confuse
Confirm with . or Enter, or press ? or * to list all spells.
Aiming: Dazzling Spray
Press: ? - help, Shift-Dir - straight line, f/p - demonic crawler
Aim: a demonic crawler (clinging)
The spray of energy hits the demonic crawler.
The demonic crawler is dazzled.
You hit the demonic crawler but do no damage.
The demonic crawler hits you!
* * * LOW HITPOINT WARNING * * *
The demonic crawler hits you.
* * * LOW HITPOINT WARNING * * *
The demonic crawler closely misses you.
The demonic crawler completely misses you. x2
The demonic crawler hits you!
You die...

##################
#<.#.)'..#.)'..#_s
#..').#..'..#..'..
#@s#####+#####'#__
#..####..#...#.###
#..#__####..##.#
#..#_____##'#_.+
#⌠⌠#_.∩)..'..._#
####_..__##_.#'#
#_____###+#.#
####### ###


You could see a demonic crawler (blind).

Vanquished Creatures
  2 kobold demonologists (D)
  2 demonic crawlers (D)
  A slime creature (D)
  Sigmund (D)
  A yak (D)
  A floating eye (D)
  An ogre (D)
  A jelly (D)
  Ijyb (D)
11 creatures vanquished.

Vanquished Creatures (others)
  A gargoyle (D)
1 creature vanquished.

Grand Total: 12 creatures vanquished

Notes
Turn   | Place    | Note
-------+----------+-------------------------------------------
     0 | D        | Groucho the Spriggan Enchanter began the quest for the Orb.
     0 | D        | Reached XP level 1. HP: 9/9 MP: 5/5
     2 | D        | Noticed Ijyb
    10 | D        | Killed Ijyb
    10 | D        | Reached skill level 7 in Stealth
    10 | D        | Reached skill level 5 in Hexes
    10 | D        | Reached XP level 2. HP: 13/13 MP: 6/8
   259 | D        | Learned a level 2 spell: Ensorcelled Hibernation
   266 | D        | Noticed an ogre
   279 | D        | Killed an ogre
   279 | D        | Reached skill level 10 in Stealth
   279 | D        | Reached XP level 3. HP: 16/16 MP: 4/11
   279 | D        | Reached XP level 4. HP: 21/21 MP: 4/13
   623 | D        | Noticed Sigmund
   625 | D        | Killed Sigmund
   625 | D        | Reached skill level 13 in Stealth
   625 | D        | Reached XP level 5. HP: 24/24 MP: 14/16
   630 | D        | Learned a level 3 spell: Confuse
   634 | D        | Learned a level 3 spell: Dazzling Spray
   638 | D        | Learned a level 3 spell: Tukima's Dance
   651 | D        | Found a deep blue altar of Sif Muna.
   652 | D        | Found an ornate altar of the Wu Jian Council.
   653 | D        | Found a radiant altar of Vehumet.
   657 | D        | Reached skill level 14 in Stealth
   657 | D        | Reached XP level 6. HP: 28/28 MP: 18/18
   694 | D        | Found Gopyuwasche's Antique Weapon Emporium.
   694 | D        | Found an ancient bone altar of Kikubaaqudgha.
   694 | D        | Found a hazy altar of Hepliaklqana.
   694 | D        | Found a stormy altar of Qazlal.
   694 | D        | Found a hide-covered altar of Uskayaw.
   694 | D        | Found a blossoming altar of Fedhas.
   694 | D        | Found a bloodstained altar of Trog.
   694 | D        | Found an iron altar of Okawaru.
   694 | D        | Found a basalt altar of Yredelemnul.
   694 | D        | Found a glowing golden altar of the Shining One.
   694 | D        | Found a snail-covered altar of Cheibriados.
   694 | D        | Found a sacrificial altar of Ru.
   694 | D        | Found a glowing silver altar of Zin.
   694 | D        | Found a shadowy altar of Dithmenos.
   694 | D        | Found a white marble altar of Elyvilon.
   694 | D        | Noticed a yak
   695 | D        | Found an opulent altar of Gozag.
   698 | D        | Killed a yak
   698 | D        | Reached skill level 15 in Stealth
   699 | D        | Found a sparkling altar of Nemelex Xobeh.
   703 | D        | Bought a runed short sword for 174 gold pieces
   717 | D        | Found a viscous altar of Jiyva.
   717 | D        | Found a corrupted altar of Lugonu.
   717 | D        | Noticed a slime creature
   718 | D        | Found a burning altar of Makhleb.
   718 | D        | Found a shimmering altar of Xom.
   725 | D        | Killed a slime creature
   725 | D        | Reached skill level 16 in Stealth
   725 | D        | Reached skill level 10 in Hexes
   725 | D        | Reached XP level 7. HP: 20/32 MP: 18/21
  1053 | D        | Noticed a kobold demonologist
  1054 | D        | Noticed a kobold demonologist
  1056 | D        | Reached skill level 10 in Spellcasting
  1058 | D        | Killed a kobold demonologist
  1058 | D        | Reached skill level 1 in Fighting
  1058 | D        | Reached skill level 5 in Dodging
  1060 | D        | Killed a kobold demonologist
  1060 | D        | Reached XP level 8. HP: 39/39 MP: 21/23
  1071 | D        | Noticed a demonic crawler
  1071 | D        | Noticed a demonic crawler
  1071 | D        | Noticed a demonic crawler
  1071 | D        | Noticed a demonic crawler
  1117 | D        | Killed a demonic crawler
  1117 | D        | Reached skill level 5 in Short Blades
  1117 | D        | Reached skill level 17 in Stealth
  1474 | D        | Killed a demonic crawler
  1655 | D        | Killed a gargoyle
  2036 | D        | Slain by a demonic crawler

Skill      XL: |  1  2  3  4  5  6  7  8 |
---------------+-------------------------+-----
Stealth        | 7 10 13 14 16 17 | 17.2
Spellcasting   | 4 6 7 8 9 10 11 | 11.5
Hexes          | 5 6 8 10 11 | 11.7
Short Blades   | 4 5 |  5.9
Dodging        | 6 8 |  8.2
Fighting       | 2 |  2.9

Action                   |  1- 3 |  4- 6 |  7- 9 || total
-------------------------+-------+-------+-------++-------
Melee: Dagger            |     8 |     4 |       ||    12
       Short sword       |       |     2 |    28 ||    30
 Cast: Ensorcelled Hiber |     1 |     2 |       ||     3
       Dazzling Spray    |       |       |    15 ||    15
       Confuse           |       |       |     2 ||     2
  Use: Potion            |     1 |       |     2 ||     3
 Stab: Sleeping          |     1 |     5 |     4 ||    10
       Invisible         |       |       |     4 ||     4
Armor: Robe              |     1 |       |     2 ||     3
Dodge: Dodged            |     5 |     2 |    67 ||    74
